 Dungeon Crawl Stone Soup version 0.28.0-49-g6dfe1f597d (webtiles) character file.

Game seed: 2659057579250649341

277 Zeld the Bolt Thrower (level 6, 0/37 HPs)
             Began as a Kobold Arcane Marksman on May 18, 2022.
             Slain by a hobgoblin
             ... wielding a +0 dagger
              (5 damage)
             ... on level 3 of the Dungeon.
             The game lasted 00:05:32 (5499 turns).

Zeld the Bolt Thrower (Kobold Arcane Marksman)      Turns: 5499, Time: 00:05:33

Health: 0/37       AC:  3    Str:  7    XL:     6   Next: 51%
Magic:  7/10       EV: 15    Int: 15    God:
Gold:   110        SH:  0    Dex: 17    Spells: 3/10 levels left

rFire   . . .      SeeInvis .   a - +0 hand crossbow
rCold   . . .      Faith    .   (no shield)
rNeg    . . .      Spirit   .   d - +0 robe
rPois   .          Reflect  .   (no helmet)
rElec   .          Harm     .   k - +0 cloak
rCorr   .          Rampage  .   (no gloves)
Will    .....                   (no boots)
Stlth   +++.......              (no amulet)
HPRegen 0.12/turn               (no ring)
MPRegen 0.12/turn               (no ring)

@: no status effects
A: small, no large weapons, nightstalker 3
a: no special abilities


You were on level 3 of the Dungeon.
You visited 1 branch of the dungeon, and saw 3 of its levels.

You collected 110 gold pieces.

Inventory:

Hand Weapons
 a - a +0 hand crossbow (weapon)
Armour
 d - a +0 robe (worn)
 k - a +0 cloak (worn)
Scrolls
 b - 6 scrolls of identify {unknown}
 h - a scroll of teleportation {unknown}
 i - 2 scrolls of brand weapon {unknown}
 m - a scroll of amnesia {unknown}
 q - a scroll of fog {unknown}
Potions
 e - a potion of magic {unknown}
 f - a potion of curing {unknown}
 g - 2 potions of brilliance {unknown}
 j - a potion of mutation {unknown}
 l - 3 potions of berserk rage {unknown}
 n - a potion of attraction {unknown}
 p - a potion of heal wounds {unknown}


   Skills:
 + Level 3.0 Fighting
 * Level 5.2 Crossbows
 - Level 2.4 Dodging
 + Level 2.8 Spellcasting
 + Level 4.0 Hexes


You had 3 spell levels left.
You knew the following spells:

 Your Spells              Type           Power      Damage    Failure   Level
a - Slow                  Hex            56%        N/A       4%          1
b - Inner Flame           Hex/Fire       8%         N/A       26%         3
c - Portal Projectile     Hex/Tloc       16%        N/A       26%         3

Your spell library contained the following spells:

 Spells                   Type           Power      Damage    Failure   Level
 Cause Fear               Hex            7%         N/A       36%         4


Dungeon Overview and Level Annotations

Branches:
Dungeon (3/15)

Altars:


Innate Abilities, Weirdness & Mutations

You are small and have problems with some larger weapons.
You are completely attuned to the shadows.


Message History

The hobgoblin blocks your attack.
The hobgoblin hits you with a +0 dagger.
The hobgoblin hits you but does no damage.
You clumsily bash the hobgoblin but do no damage.
The hobgoblin hits you with a +0 dagger.
The hobgoblin blocks your attack.
Your punch misses the hobgoblin.
The hobgoblin hits you with a +0 dagger.
The hobgoblin barely misses you.
There are no items here.
You clumsily bash the hobgoblin but do no damage.
The hobgoblin misses you. The hobgoblin blocks your attack.
The hobgoblin hits you with a +0 dagger.
* * * LOW HITPOINT WARNING * * *
The hobgoblin hits you with a +0 dagger.
* * * LOW HITPOINT WARNING * * *
You clumsily bash the hobgoblin but do no damage.
The hobgoblin closely misses you.
You aren't carrying any items that you can evoke.
Casting: Slow (safe; 4% risk of failure)
Confirm with . or Enter, or press ? or * to list all spells.
The spell is quite dangerous to miscast (26% risk of failure)!
Continue anyway?
You begin teleporting projectiles to their destination.
The hobgoblin barely misses you.
Press: ? - help, v - describe, . - travel The floor.
The hobgoblin blocks your attack.
The hobgoblin hits you with a +0 dagger.
* * * LOW HITPOINT WARNING * * *
You are too injured to fight recklessly!
You are no longer teleporting projectiles to their destination.
Found 5 gold pieces.
Casting: Portal Projectile (quite dangerous; 26% risk of failure)
Confirm with . or Enter, or press ? or * to list all spells.
Aiming: Slow (safe; 4% risk of failure)
Press: ? - help, Shift-Dir - straight line, f/p - hobgoblin
Aim: a hobgoblin, wielding a +0 dagger and wearing the amulet "Kyraug" {Reflect rElec rC++ rN+ SH+5} (chance to affect: 71%)
The hobgoblin struggles to resist.
The hobgoblin hits you with a +0 dagger.
You die...

#.........### #.###.........# .#
#........ #..#........####
..##........ ##...#####....#.
.....##...# #### ##..# #...#...
.##...#..# #..$####.## #.##...#
..##.....## #...##....###.##.#.#
#.........####...#..##...#.##.#.#
#.........(......g.####.......#.#
#.......>>......@####.....#.###..
#................###..###.#.# ###
#......†.#............###.#.# #
#........##......#..........##
.......>.##......######......##
.........##...<..# ###.....###
########.##...#### #####.......#
.##...# ......##.##.# #...#
########.....


You could see a hobgoblin.

Vanquished Creatures
  2 scorpions
  A hound (D:2)
  Jessica (D:2)
  A gnoll (D:3)
  2 adders (D:2)
  2 worms
  4 dart slugs
  10 endoplasms
  3 giant cockroaches
  5 hobgoblins
  5 jackals
  3 quokkas
  6 ball pythons
  4 bats
  A frilled lizard (D:2)
  8 goblins
  5 kobolds
  5 rats
68 creatures vanquished.

Notes
Turn   | Place    | Note
-------+----------+-------------------------------------------
     0 | D:1      | Zeld the Kobold Arcane Marksman began the quest for the
                  | Orb.
     0 | D:1      | Reached XP level 1. HP: 12/12 MP: 2/2
   445 | D:1      | Reached XP level 2. HP: 16/16 MP: 3/3
   595 | D:1      | Reached skill level 3 in Crossbows
   809 | D:1      | Reached XP level 3. HP: 20/20 MP: 3/5
   813 | D:1      | Learned a level 3 spell: Inner Flame
  2008 | D:2      | Found a faded altar of an unknown god.
  2058 | D:2      | Reached XP level 4. HP: 18/26 MP: 6/6
  2192 | D:2      | Reached skill level 4 in Crossbows
  2312 | D:2      | Reached XP level 5. HP: 25/30 MP: 8/8
  2462 | D:2      | Learned a level 3 spell: Portal Projectile
  2544 | D:2      | Noticed Jessica
  2545 | D:2      | Killed Jessica
  2998 | D:3      | Reached XP level 6. HP: 36/36 MP: 9/9
  3533 | D:2      | Reached skill level 5 in Crossbows
  5003 | D:3      | Identified the amulet "Kyraug" {Reflect rElec rC++ rN+
                  | SH+5}
  5499 | D:3      | Slain by a hobgoblin

Illustrated notes

Levels and vault maps discovered:
D:1:      erik_arrival_blinker_ship, layout_basic, wad_floor_pattern_2,
          minivault_23
D:2:      layout_basic, hellmonk_ecumenical_altar_lost_god,
          minmay_divided_ellipse, uniq_jessica
D:3:      layout_rooms, nzn_wu_jian_contemplation, general_overflow_altar,
          dk_vineyard_3, uniq_crazy_yiuf_cottage

Skill      XL: |  1  2  3  4  5  6 |
---------------+-------------------+-----
Crossbows      | 3 4 5 |  5.2
Fighting       | 2 3 |  3.0
Spellcasting   | 2 |  2.8
Hexes          | 4 |  4.0
Dodging        | |  2.4

Action                   |  1- 3 |  4- 6 || total
-------------------------+-------+-------++-------
Melee: Hand crossbow     |       |    97 ||    97
       Punch             |       |     2 ||     2
 Fire: Hand crossbow     |    90 |   106 ||   196
 Cast: Slow              |    11 |    15 ||    26
       Portal Projectile |       |     1 ||     1
Armor: Robe              |     8 |    52 ||    60
Dodge: Dodged            |    64 |   188 ||   252
